[Event "Titled Tuesday Blitz June 13 Late 2023"]
[White "Kielinkei"]
[Black "Fantinel, Thibault"]
[BlackFideId "663395"]
[WhiteElo "2448"]
[BlackElo "2316"]
[Result "1-0"]
[Round "11"]
[TimeControl "180+2"]
[Date "2023.06.13"]
[WhiteClock "0:00:19"]
[BlackClock "0:00:00"]
[Board "71"]

1. d4 e6 2. c4 Nf6 3. g3 c5 4. d5 exd5 5. cxd5 g6 6. Bg2 d6 7. Nf3 Bg7 8. O-O O-O 9. Nc3 a6 10. a4 Re8 11. Nd2 Nbd7 12. Nc4 Ne5 13. Na3 Rb8 14. e4 Nh5 15. h3 c4 16. f4 Nd3 17. g4 Bd4+ 18. Kh2 Nhxf4 19. Bxf4 Nxf4 20. Qxd4 Nxg2 21. Kxg2 b5 22. axb5 axb5 23. Naxb5 h5 24. Qf6 Qd7 25. Nxd6 Rxb2+ 26. Rf2 Rxf2+ 27. Kxf2 Rd8 28. Nxc8 Rxc8 29. Qf3 Qd6 30. gxh5 Rb8 31. Rb1 Rxb1 32. Nxb1 Qb6+ 33. Kg2 Qxb1 34. hxg6 Qb2+ 35. Qf2 c3 36. gxf7+ Kf8 37. d6 Qxf2+ 38. Kxf2 c2 39. d7 c1=Q 40. d8=Q+ Kxf7 41. Qd5+ Ke7 42. Qe5+ Kf7 43. Qf5+ Ke7 44. Qh7+ Ke6 45. Qg6+ Ke7 46. Qg7+ Ke6 47. Qg8+ Ke7 48. Qh7+ Ke6 49. Qf5+ Ke7 50. Qf3 Ke6 51. Kg3 Qg1+ 52. Qg2 Qe3+ 53. Kg4 Ke5 54. Qg3+ 1-0


[Site "https://www.chess.com"]

[Event "Titled Tuesday Blitz June 13 Late 2023"]
[White "Arnold, Ken"]
[Black "Novikov, Evgenij"]
[WhiteFideId "2056836"]
[BlackFideId "4125380"]
[WhiteElo "2441"]
[BlackElo "2242"]
[Result "0-1"]
[Round "11"]
[TimeControl "180+2"]
[Date "2023.06.13"]
[WhiteClock "0:00:35"]
[BlackClock "0:00:57"]
[Board "72"]

1. d4 Nf6 2. Nf3 d5 3. g3 Bg4 4. Bg2 Bxf3 5. exf3 c6 6. O-O e6 7. f4 g6 8. b3 Bg7 9. Ba3 Bf8 10. Bb2 Bd6 11. Nd2 O-O 12. Re1 a5 13. a4 Nbd7 14. Qf3 Qb8 15. c4 Bb4 16. Bc3 Bxc3 17. Qxc3 Rc8 18. b4 axb4 19. Qxb4 Qa7 20. c5 b6 21. cxb6 Qxb6 22. Qc3 c5 23. Reb1 Qd6 24. Qa3 Qa6 25. Bf1 Qa7 26. dxc5 Nxc5 27. a5 Nfe4 28. Nxe4 Nxe4 29. Qe3 Qxe3 30. fxe3 Ra7 31. Bg2 Nd2 32. Rb2 Nc4 33. Rba2 Nxe3 34. a6 Rc6 35. Bf3 Kf8 36. Kf2 Nc4 37. Be2 Nd6 38. Rb2 Ke7 39. Rab1 Rcc7 40. Bd3 f6 41. h4 e5 42. fxe5 fxe5 43. Be2 Ke6 44. Rb6 e4 45. h5 Ke5 46. hxg6 hxg6 47. Rh1 Rf7+ 48. Ke1 d4 49. Rh6 Rf6 50. Rh7 Rxh7 0-1


[Site "https://www.chess.com"]

[Event "Titled Tuesday Blitz June 13 Late 2023"]
[White "liwadas82"]
[Black "Diaz Rosas, Julio Cesar"]
[BlackFideId "5105099"]
[WhiteElo "2423"]
[BlackElo "2284"]
[Result "1-0"]
[Round "11"]
[TimeControl "180+2"]
[Date "2023.06.13"]
[WhiteClock "0:00:26"]
[BlackClock "0:00:00"]
[Board "73"]

1. e4 c5 2. Nf3 d6 3. d4 cxd4 4. Nxd4 Nf6 5. Nc3 a6 6. Be3 e5 7. Nb3 Be7 8. f3 O-O 9. Qd2 a5 10. Bb5 Na6 11. O-O-O Be6 12. g4 Nc7 13. g5 Nh5 14. a4 Qc8 15. Kb1 Na6 16. Nd5 Bxd5 17. Qxd5 Nb4 18. Qd2 Qe6 19. Nc1 Rfc8 20. c3 Na6 21. Qd5 Qxd5 22. exd5 f5 23. Bd7 Rf8 24. Ne2 f4 25. Bb6 Bxg5 26. Be6+ Kh8 27. Bxa5 Nc5 28. Bc7 Be7 29. a5 Nb3 30. Kc2 Nxa5 31. b3 b6 32. Bxb6 Rfb8 33. Bxa5 Rxa5 34. Ra1 Rab5 35. b4 Nf6 36. Ra7 Bd8 37. Rd1 Bb6 38. Ra6 Bc7 39. Rc6 R5b7 40. b5 g5 41. c4 Kg7 42. Nc3 Ra7 43. Kb3 Kf8 44. Rd2 Ke7 45. Ra2 Rxa2 46. Nxa2 Ba5 47. Ra6 Bb6 48. Nb4 Rb7 49. Nc6+ Kf8 50. Ra8+ Kg7 51. Rc8 g4 52. Bxg4 Nxg4 53. fxg4 f3 54. Ra8 f2 55. Ra1 e4 56. Kc2 1-0


[Site "https://www.chess.com"]

[Event "Titled Tuesday Blitz June 13 Late 2023"]
[White "KorolDimitriy75"]
[Black "Kim, Sergey"]
[BlackFideId "13700570"]
[WhiteElo "2408"]
[BlackElo "2522"]
[Result "0-1"]
[Round "11"]
[TimeControl "180+2"]
[Date "2023.06.13"]
[WhiteClock "0:00:00"]
[BlackClock "0:00:09"]
[Board "74"]

1. d4 Nf6 2. c4 g6 3. Nc3 Bg7 4. e4 d6 5. Nf3 O-O 6. Be2 e5 7. dxe5 dxe5 8. Qxd8 Rxd8 9. Bg5 c6 10. Nxe5 Re8 11. O-O-O Na6 12. Rd6 Be6 13. f4 Nc5 14. Bf3 h6 15. Bh4 g5 16. Bf2 Na6 17. g3 Bf8 18. Rd2 Nc5 19. b4 Na6 20. a3 Bg7 21. Kc2 Nc7 22. Rhd1 a5 23. Bb6 axb4 24. axb4 Na6 25. Kb3 Nh7 26. Nd7 Nf8 27. Nc5 Nxc5+ 28. Bxc5 Bxc3 29. Kxc3 Ra3+ 30. Kb2 Rxf3 31. Rd8 Rxd8 32. Rxd8 Bxc4 33. Bxf8 Kh7 34. f5 Bd3 35. Be7 Kg7 36. f6+ Kg6 37. Rg8+ Kh5 38. Rg7 Bc4 39. e5 Be6 40. Bd6 Rf2+ 41. Kc3 Rxh2 42. Rh7 Rg2 43. Bf8 Rxg3+ 44. Kd4 Kg4 45. Bxh6 Kf5 0-1


[Site "https://www.chess.com"]

[Event "Titled Tuesday Blitz June 13 Late 2023"]
[White "Jimenez Garcia, Emmanuel"]
[Black "angelgab3"]
[WhiteFideId "6504779"]
[WhiteElo "2440"]
[BlackElo "2518"]
[Result "1-0"]
[Round "11"]
[TimeControl "180+2"]
[Date "2023.06.13"]
[WhiteClock "0:00:38"]
[BlackClock "0:00:03"]
[Board "75"]

1. Nf3 Nf6 2. c4 e6 3. b3 d5 4. Bb2 Be7 5. g3 O-O 6. Bg2 c5 7. cxd5 Nxd5 8. O-O Nc6 9. Ne5 Nxe5 10. Bxe5 b6 11. Qc1 Bb7 12. Qb2 f6 13. Bc3 Qd7 14. d3 Nxc3 15. Nxc3 Bxg2 16. Kxg2 f5 17. Qc2 Bf6 18. Rad1 Rad8 19. a3 h5 20. h4 f4 21. Ne4 Be5 22. Qc4 Qe7 23. Ng5 Rd5 24. b4 Rf6 25. Qe4 Rf5 26. bxc5 bxc5 27. Rb1 Rd4 28. Qa8+ Rf8 29. Qc6 Qf6 30. Qxe6+ Kh8 31. Qxf6 Rxf6 32. Nf3 Rd5 33. Rb7 fxg3 34. fxg3 Rg6 35. Ng5 Rd8 36. Rbf7 Kg8 37. R7f5 Bf6 38. Ne4 Be7 39. Kh3 c4 40. Rxh5 cxd3 41. exd3 Rxd3 42. Ng5 Bxg5 43. hxg5 Rxa3 44. Rf5 a5 45. Rh4 Rb6 46. Rhf4 Rb8 47. Kg4 Ra1 48. g6 a4 49. Ra5 a3 50. Ra7 a2 51. Rff7 Rh1 52. Rxg7+ Kh8 53. Rh7+ Rxh7 54. Rxh7+ Kg8 55. Ra7 Rb4+ 56. Kg5 Rb5+ 57. Kh6 Kf8 58. g7+ Kg8 59. Ra8+ Kf7 1-0


[Site "https://www.chess.com"]

[Event "Titled Tuesday Blitz June 13 Late 2023"]
[White "Camilla_Lee"]
[Black "Quinones Garcia, Santiago"]
[BlackFideId "4408497"]
[WhiteElo "2517"]
[BlackElo "2173"]
[Result "0-1"]
[Round "11"]
[TimeControl "180+2"]
[Date "2023.06.13"]
[WhiteClock "0:00:00"]
[BlackClock "0:00:31"]
[Board "76"]

1. e4 e5 2. Nf3 Nc6 3. Nc3 Nf6 4. d4 exd4 5. Nd5 d6 6. Nxd4 Nxd5 7. exd5 Ne5 8. Be2 Be7 9. O-O O-O 10. c3 Re8 11. Be3 Bf6 12. Qd2 g6 13. Rfe1 a6 14. h3 Bg7 15. f4 Nd7 16. Bf3 Nc5 17. Bf2 a5 18. Rxe8+ Qxe8 19. Re1 Qd8 20. b3 Bd7 21. c4 Qf8 22. Re2 b6 23. Qe1 Nd3 24. Qd2 Nxf2 25. Kxf2 Re8 26. Rxe8 Qxe8 27. Qe3 h5 28. Qxe8+ Bxe8 29. Ke3 Bd7 30. h4 Kf8 31. g3 Ke7 32. Be4 Bg4 33. Nb5 Kd7 34. Nd4 Bd1 35. Nb5 a4 36. bxa4 Bxa4 37. Nd4 Bd1 38. f5 Bh6+ 39. Kd3 g5 40. hxg5 Bxg5 41. Bf3 Bxf3 42. Nxf3 Bf6 43. Ke4 Kc8 44. Ne1 Kb7 45. Ng2 Ka6 46. Nf4 h4 47. g4 Ka5 48. Nh3 Kb4 49. g5 Be5 50. Kd3 Ka3 51. f6 Kxa2 52. Nf2 Kb3 53. Ng4 h3 54. g6 fxg6 55. Nxe5 h2 56. f7 h1=Q 57. f8=Q dxe5 58. Qe8 Qf3+ 59. Kd2 Qf4+ 60. Ke2 Qxc4+ 61. Ke3 Qd4+ 62. Ke2 Qe4+ 63. Kf2 Qc2+ 64. Ke3 Qc5+ 65. Ke2 Qxd5 66. Qxg6 e4 67. Qe8 Qd3+ 68. Ke1 c5 69. Qe6+ Kc2 70. Qxb6 Qd1+ 71. Kf2 Qd4+ 72. Ke1 e3 73. Qb5 Qd2+ 74. Kf1 Qd3+ 0-1


[Site "https://www.chess.com"]

[Event "Titled Tuesday Blitz June 13 Late 2023"]
[White "Shapiro, Viktor"]
[Black "Slavin, Alexey"]
[WhiteFideId "4175700"]
[BlackFideId "24104388"]
[WhiteElo "2212"]
[BlackElo "2264"]
[Result "0-1"]
[Round "11"]
[TimeControl "180+2"]
[Date "2023.06.13"]
[WhiteClock "0:02:09"]
[BlackClock "0:01:35"]
[Board "77"]

1. c4 Nc6 2. Nc3 Nf6 3. g3 e5 4. Bg2 Bc5 5. e3 d6 6. Nge2 O-O 7. d4 exd4 8. exd4 Bb6 9. h3 a6 10. O-O Re8 11. Bg5 h6 12. Be3 Bf5 13. g4 Bg6 14. Nf4 Bh7 15. Nfd5 Nxd5 16. Nxd5 Ba7 17. b4 Be4 18. a3 Bxg2 19. Kxg2 Ne7 20. Nf4 d5 21. c5 c6 22. Qd3 Rc8 23. Rae1 Bb8 24. Nh5 Ng6 25. Bxh6 Rxe1 26. Rxe1 gxh6 27. Re8+ Qxe8 28. Nf6+ Kf8 29. Nxe8 Nf4+ 0-1


[Site "https://www.chess.com"]

[Event "Titled Tuesday Blitz June 13 Late 2023"]
[White "whiteglovethief"]
[Black "Avalos Parra, Joao"]
[BlackFideId "3402541"]
[WhiteElo "2478"]
[BlackElo "2173"]
[Result "1-0"]
[Round "11"]
[TimeControl "180+2"]
[Date "2023.06.13"]
[WhiteClock "0:00:52"]
[BlackClock "0:01:48"]
[Board "78"]

1. d4 d5 2. c4 e6 3. Nf3 Nf6 4. g3 Bb4+ 5. Nc3 O-O 6. Bg2 Nbd7 7. O-O dxc4 8. a3 Be7 9. e4 Nb6 10. Qe2 Bd7 11. Rd1 Qe8 12. Bf4 c5 13. d5 exd5 14. exd5 Nh5 15. Be3 Bd6 16. Nd2 Nf6 17. Nxc4 Nxc4 18. Qxc4 b5 19. Qh4 h6 20. Bxh6 b4 21. Bxg7 Kxg7 22. Qg5+ Kh7 23. Qxf6 Qe5 24. Ne4 1-0


[Site "https://www.chess.com"]

[Event "Titled Tuesday Blitz June 13 Late 2023"]
[White "Yurasova, Daria"]
[Black "Korpics, Zsolt"]
[WhiteFideId "34146919"]
[BlackFideId "705241"]
[WhiteElo "2109"]
[BlackElo "2341"]
[Result "0-1"]
[Round "11"]
[TimeControl "180+2"]
[Date "2023.06.13"]
[WhiteClock "0:00:13"]
[BlackClock "0:00:10"]
[Board "79"]

1. e4 c5 2. Nf3 e6 3. d3 Nc6 4. Be2 Nf6 5. O-O d5 6. exd5 exd5 7. c4 dxc4 8. dxc4 Qc7 9. Nc3 Be7 10. Nb5 Qb8 11. Be3 O-O 12. a3 a6 13. Nc3 Rd8 14. Qc2 Nd4 15. Bxd4 cxd4 16. Ne4 Qf4 17. Nxf6+ Bxf6 18. Bd3 h5 19. Rae1 Be6 20. Re4 Qh6 21. Rfe1 Rac8 22. c5 Bd5 23. R4e2 Bxf3 24. gxf3 Qf4 25. Be4 b6 26. c6 Kh8 27. Qd2 Qh4 28. f4 d3 29. Bxd3 Qg4+ 30. Kh1 Qf3+ 31. Kg1 Rxd3 32. Re8+ Rxe8 33. Rxe8+ Kh7 34. Qc2 g6 35. Re1 Rd8 36. c7 Rc8 37. Qc4 Qg4+ 38. Kh1 Kg7 39. Rc1 Qf3+ 40. Kg1 Qb7 41. f5 g5 42. h4 g4 43. b4 b5 44. Qc5 Bxh4 45. f6+ Bxf6 46. Qxh5 Rxc7 47. Qxg4+ Kf8 48. Re1 Re7 49. Rd1 Re8 50. Qf5 Qe7 51. Qd5 Qe6 52. Qf3 Ke7 53. Rc1 Kf8 54. Rd1 Bg7 55. Kf1 Kg8 56. Kg1 Qc4 57. Rd7 Qe6 58. Rd1 Qg6+ 59. Kf1 Re6 60. Rd8+ Bf8 61. Rd1 Qf6 62. Qg3+ Qg6 63. Qf3 Rf6 64. Qe3 Qh5 65. Rd4 Qh1+ 66. Ke2 Qh5+ 67. Kd3 Qg6+ 68. Kc3 Rc6+ 69. Kd2 Qc2+ 70. Ke1 Qc1+ 71. Qxc1 Rxc1+ 72. Kd2 Rc6 73. Rg4+ Bg7 74. Re4 Kf8 75. f4 Bf6 76. f5 Rd6+ 77. Kc2 Rc6+ 78. Kd2 Rc3 79. Rg4 Rxa3 80. Kc2 Ra4 81. Kb1 Be7 82. Kc2 Rxb4 83. Rg1 Rc4+ 84. Kb3 Rc5 85. Rd1 Rxf5 86. Rd7 Bf6 87. Rb7 a5 88. Ra7 a4+ 89. Kb4 Be7+ 90. Ka5 a3 91. Kb6 b4 92. Ra8+ Kg7 93. Kc6 Bf6 94. Kd7 b3 95. Rxa3 b2 96. Rb3 Rf1 97. Rxb2 Bxb2 98. Ke8 Bf6 99. Kd7 Bg5 100. Kc6 f5 101. Kd5 f4 102. Kc4 f3 103. Kd4 f2 104. Ke5 Re1+ 105. Kd5 f1=Q 106. Kc5 Rc1+ 107. Kd6 Qd3+ 108. Ke5 Re1# 0-1


[Site "https://www.chess.com"]

[Event "Titled Tuesday Blitz June 13 Late 2023"]
[White "Zaitsev, Alexander"]
[Black "kiwibobo"]
[WhiteFideId "4164490"]
[WhiteElo "2373"]
[BlackElo "2321"]
[Result "1/2-1/2"]
[Round "11"]
[TimeControl "180+2"]
[Date "2023.06.13"]
[WhiteClock "0:00:07"]
[BlackClock "0:00:05"]
[Board "80"]

1. e4 e5 2. Nc3 Nf6 3. Bc4 Nc6 4. d3 Bc5 5. f4 O-O 6. Nf3 exf4 7. Bxf4 d6 8. Na4 Bb6 9. Nxb6 axb6 10. Bg5 Be6 11. Bb5 h6 12. Bh4 Ne5 13. d4 Nxf3+ 14. Qxf3 g5 15. Bg3 Bg4 16. Qe3 Qe7 17. h3 Qxe4 18. Qxe4 Nxe4 19. hxg4 Nxg3 20. Rxh6 Kg7 21. Rh3 Ne4 22. a3 Rh8 23. Ke2 Nf6 24. Kf3 d5 25. Re1 c6 26. Bd3 Rae8 27. Rxh8 Rxe1 28. Rb8 Re7 29. Bf5 Ne8 30. b3 Nd6 31. Rd8 Nxf5 32. gxf5 Kf6 33. g4 Re4 34. c3 Re1 35. Rd7 Rc1 36. Rxb7 Rxc3+ 37. Kf2 Rxb3 38. a4 Rb4 39. Rc7 Rxa4 40. Rxc6+ Kg7 41. Rxb6 Rxd4 42. Kg3 Rd3+ 43. Kg2 d4 44. Rd6 Rd2+ 45. Kf3 d3 46. Ke3 Rg2 47. Kf3 Rd2 48. Ke3 Rg2 49. Kf3 Rd2 1/2-1/2


[Site "https://www.chess.com"]

[Event "Titled Tuesday Blitz June 13 Late 2023"]
[White "Jakic, Ivan"]
[Black "Torres Dominguez, David"]
[WhiteFideId "14504901"]
[BlackFideId "2220857"]
[WhiteElo "2365"]
[BlackElo "1999"]
[Result "0-1"]
[Round "11"]
[TimeControl "180+2"]
[Date "2023.06.13"]
[WhiteClock "0:01:10"]
[BlackClock "0:01:26"]
[Board "81"]

1. e4 Nc6 2. Nf3 e5 3. Bb5 Nge7 4. O-O g6 5. Nc3 Bg7 6. d4 Nxd4 7. Nxd4 exd4 8. Nd5 O-O 9. Bg5 f6 10. Bc4 Kh8 11. Bh4 d6 12. Qxd4 g5 13. Bg3 f5 14. e5 f4 15. exd6 Qxd6 16. Qe4 Nxd5 17. Bxd5 c6 18. Bb3 Bf5 19. Qc4 fxg3 20. hxg3 Rad8 21. Rad1 Qxd1 22. Rxd1 Rxd1+ 23. Kh2 Rd6 24. Qc5 Rfd8 25. Qxf5 Rh6+ 26. Qh3 Rxh3+ 0-1


[Site "https://www.chess.com"]

[Event "Titled Tuesday Blitz June 13 Late 2023"]
[White "Romanchuk, Viktor"]
[Black "Sala, Giulia"]
[WhiteFideId "14109271"]
[BlackFideId "2840451"]
[WhiteElo "2242"]
[BlackElo "1769"]
[Result "1-0"]
[Round "11"]
[TimeControl "180+2"]
[Date "2023.06.13"]
[WhiteClock "0:00:10"]
[BlackClock "0:00:11"]
[Board "82"]

1. d4 e6 2. c4 Nf6 3. Nc3 d5 4. Nf3 Be7 5. Bf4 O-O 6. e3 b6 7. cxd5 Nxd5 8. Nxd5 Qxd5 9. Be2 Bb4+ 10. Nd2 Qxg2 11. Bf3 Bxd2+ 12. Kxd2 Qxf2+ 13. Kc3 c6 14. h4 Ba6 15. Rh2 Qf1 16. Qxf1 Bxf1 17. Rxf1 Nd7 18. h5 Rac8 19. Kc2 c5 20. dxc5 Nxc5 21. Kb1 Nd3 22. Rd2 Nc5 23. Rg1 f6 24. Bd6 Rfd8 25. Rgd1 g5 26. hxg6 hxg6 27. Be7 Rxd2 28. Rxd2 Kf7 29. Bxc5 Rxc5 30. Rd7+ Kf8 31. Rxa7 Rf5 32. Be2 Re5 33. Ra3 g5 34. Kc2 f5 35. Kd2 g4 36. Ke1 Ke7 37. Kf2 Kf6 38. Rb3 Rc5 39. Rxb6 Rc2 40. a4 g3+ 41. Kxg3 Rxe2 42. Kf3 Re1 43. a5 Ra1 44. a6 Ke5 45. b4 Kd5 46. b5 e5 47. Rb7 Ra3 48. a7 f4 49. b6 Rxe3+ 50. Kf2 Ra3 51. Rb8 Ra2+ 52. Kf3 Ra3+ 53. Kg4 f3 54. Kg3 Kc6 55. a8=Q+ Rxa8 56. Rxa8 e4 57. Re8 1-0


[Site "https://www.chess.com"]

[Event "Titled Tuesday Blitz June 13 Late 2023"]
[White "Yolosz"]
[Black "Tokhirjonova, Gulrukhbegim"]
[BlackFideId "14203626"]
[WhiteElo "2404"]
[BlackElo "2265"]
[Result "0-1"]
[Round "11"]
[TimeControl "180+2"]
[Date "2023.06.13"]
[WhiteClock "0:00:09"]
[BlackClock "0:01:04"]
[Board "83"]

1. d4 Nf6 2. Bf4 d5 3. e3 c5 4. c3 Nc6 5. Nd2 e6 6. Ngf3 Bd6 7. Bg3 O-O 8. Bd3 b6 9. Qe2 Bb7 10. a4 Re8 11. O-O e5 12. dxe5 Nxe5 13. Nxe5 Bxe5 14. Bxe5 Rxe5 15. Nf3 Re7 16. Rfd1 Qc7 17. Qc2 h6 18. h3 Rd8 19. a5 Qc8 20. axb6 axb6 21. Ra7 Ree8 22. Rda1 d4 23. cxd4 Bxf3 24. Bf5 Qc6 25. gxf3 Qxf3 26. dxc5 bxc5 27. Qc4 Rf8 28. Bg4 Nxg4 29. Qxg4 Qf6 30. Rb7 Rd2 31. Qf4 Qg6+ 32. Kh2 Qc2 33. Kg2 Rd5 34. h4 Qg6+ 35. Qg3 Qc6 36. Qf3 Qxb7 37. Rd1 Rd7 38. Rxd7 Qxd7 0-1


[Site "https://www.chess.com"]

[Event "Titled Tuesday Blitz June 13 Late 2023"]
[White "Ozalp, Burak"]
[Black "Golubev, Mikhail"]
[WhiteFideId "6314210"]
[BlackFideId "14100983"]
[WhiteElo "2106"]
[BlackElo "2374"]
[Result "0-1"]
[Round "11"]
[TimeControl "180+2"]
[Date "2023.06.13"]
[WhiteClock "0:00:14"]
[BlackClock "0:00:55"]
[Board "84"]

1. Nf3 d6 2. d4 Nf6 3. g3 g6 4. Bg2 Bg7 5. O-O O-O 6. a4 Nbd7 7. Nc3 a5 8. e4 e5 9. h3 exd4 10. Nxd4 Re8 11. Bg5 h6 12. Be3 Nc5 13. Re1 Nfxe4 14. Nxe4 Nxe4 15. Bxh6 Nxf2 16. Kxf2 Rxe1 17. Qxe1 Bxd4+ 18. Be3 Qf6+ 19. Kg1 Bxb2 20. Rd1 Be5 21. Qd2 c6 22. Rf1 Qg7 23. Bh6 Qh8 24. Bf4 Be6 25. Re1 Bc3 26. Qxd6 Bxe1 27. Be5 Qh6 28. Qe7 Qe3+ 29. Kh1 Qxe5 0-1


[Site "https://www.chess.com"]

[Event "Titled Tuesday Blitz June 13 Late 2023"]
[White "Fernandez, Maria Florencia"]
[Black "Srdanovic, Jovana"]
[WhiteFideId "116459"]
[BlackFideId "954810"]
[WhiteElo "2074"]
[BlackElo "2155"]
[Result "0-1"]
[Round "11"]
[TimeControl "180+2"]
[Date "2023.06.13"]
[WhiteClock "0:00:00"]
[BlackClock "0:01:35"]
[Board "85"]

1. d4 d5 2. c4 c6 3. Nc3 Nf6 4. Nf3 dxc4 5. a4 Bf5 6. e3 e6 7. Bxc4 Bb4 8. O-O O-O 9. Ne5 Nbd7 10. Qe2 Nxe5 11. dxe5 Nd5 12. e4 Nxc3 13. bxc3 Bxc3 14. exf5 Bxa1 15. f6 Qd4 16. fxg7 Rfd8 17. Bg5 Qxe5 18. Qh5 Rd4 19. Bb3 Rb4 20. Bc2 Qxg7 21. Bh6 Qe5 22. Qh3 f5 23. Be3 Rg4 24. Bd2 Bd4 25. Qh5 Qg7 0-1


[Site "https://www.chess.com"]

[Event "Titled Tuesday Blitz June 13 Late 2023"]
[White "The_Straightforward_Rook"]
[Black "Ai, Evan"]
[BlackFideId "2094770"]
[WhiteElo "2359"]
[BlackElo "1963"]
[Result "1/2-1/2"]
[Round "11"]
[TimeControl "180+2"]
[Date "2023.06.13"]
[WhiteClock "0:00:27"]
[BlackClock "0:00:41"]
[Board "86"]

1. Nf3 Nf6 2. c4 e6 3. Nc3 d5 4. d4 Bb4 5. Qa4+ Nc6 6. e3 O-O 7. a3 Bxc3+ 8. bxc3 Bd7 9. Qc2 Re8 10. Rb1 b6 11. cxd5 exd5 12. Bd3 Ne4 13. O-O Na5 14. Nd2 f5 15. c4 Nxd2 16. Bxd2 Nxc4 17. Bxc4 dxc4 18. Qxc4+ Be6 19. Qc2 Bd5 20. Qxf5 Be4 21. Qg4 Bxb1 22. Rxb1 c5 23. Bc3 Qc8 24. Qg5 Qd8 25. Qg4 Qf6 26. Ba1 Qe6 27. Qxe6+ Rxe6 28. dxc5 bxc5 29. Rb7 Rg6 30. g3 Rc8 31. Rxa7 c4 32. Bc3 Kf8 33. f4 Ke8 34. Kf2 Rd6 35. Ke2 Rd3 36. Bxg7 Rd7 37. Rxd7 Kxd7 38. Kd2 Ke6 39. e4 Ra8 40. Bb2 Rb8 41. Bc3 Rb3 42. Bb4 h5 43. Bc3 Rxa3 44. f5+ Kf7 45. e5 Ra2+ 46. Ke3 Rxh2 47. e6+ Ke7 48. Kd4 Kf6 49. Ke4+ Ke7 50. Kd5 Rf2 51. f6+ Rxf6 52. Bxf6+ Kxf6 53. Kd6 c3 54. e7 c2 55. e8=Q c1=Q 56. Qxh5 Qa3+ 57. Kd7 Qxg3 58. Qh8+ Kf5 59. Qf8+ 1/2-1/2


[Site "https://www.chess.com"]

[Event "Titled Tuesday Blitz June 13 Late 2023"]
[White "el_sporco"]
[Black "Erzhanov, Arman"]
[BlackFideId "4138821"]
[WhiteElo "2365"]
[BlackElo "2138"]
[Result "0-1"]
[Round "11"]
[TimeControl "180+2"]
[Date "2023.06.13"]
[WhiteClock "0:00:00"]
[BlackClock "0:00:19"]
[Board "87"]

1. e4 d6 2. d4 Nf6 3. Nc3 e5 4. Nf3 Nbd7 5. Bc4 Be7 6. O-O O-O 7. Re1 c6 8. a4 a5 9. h3 Nb6 10. Bb3 Nfd7 11. Be3 exd4 12. Nxd4 Nc5 13. Nf5 Bxf5 14. exf5 d5 15. f6 Bd6 16. Bd4 g6 17. Qd2 Re8 18. Rxe8+ Qxe8 19. Re1 Qf8 20. Qg5 Nbd7 21. Re7 Ne6 22. Rxe6 fxe6 23. Ne4 Bc7 24. Qg4 Re8 25. Ng5 Nxf6 26. Qh4 Re7 27. Bc5 Qd8 28. Bxe7 Qxe7 29. c4 Ne4 30. f4 Nxg5 31. Qxg5 Qxg5 32. fxg5 Bf4 33. cxd5 exd5 34. Bd1 Kf7 35. Bg4 Ke7 36. Bc8 b6 37. h4 Bg3 38. h5 gxh5 39. Bf5 Bf4 40. Bxh7 Bxg5 41. b3 Kd6 42. Kf1 Kc5 43. Bg6 h4 44. Be8 Kd6 45. Ke2 Kc5 46. Kd3 b5 47. Bg6 Kb4 48. axb5 cxb5 49. Kc2 d4 50. Bd3 a4 51. bxa4 bxa4 52. Bf5 a3 53. Be6 Bf6 54. Ba2 Be7 55. Kd3 Bf6 56. Bd5 Kc5 57. Ba2 Kd6 58. Ke4 Bg7 59. Bc4 Kc5 60. Ba2 Kb4 61. Kd3 Kb5 62. Ke4 Kc6 63. Bb3 Kd6 64. Ba2 Kc6 65. Bb3 Kd7 66. Ba2 Ke7 67. Bc4 Bf6 68. Ba2 Kf8 69. Kd3 Kg7 70. Ke4 Kg6 71. Bd5 Kg5 72. Be6 Bg7 73. Kd3 Kf4 74. Ba2 Kg3 75. Bd5 a2 76. Bxa2 Kxg2 77. Bd5+ Kg1 78. Ke2 h3 79. Kf3 h2 80. Kg3 h1=Q 0-1


[Site "https://www.chess.com"]

[Event "Titled Tuesday Blitz June 13 Late 2023"]
[White "Zherebtsova, Alexandra"]
[Black "Papayan, Oleg"]
[WhiteFideId "24129518"]
[BlackFideId "4193911"]
[WhiteElo "2055"]
[BlackElo "2167"]
[Result "0-1"]
[Round "11"]
[TimeControl "180+2"]
[Date "2023.06.13"]
[WhiteClock "0:00:00"]
[BlackClock "0:00:04"]
[Board "88"]

1. d4 Nf6 2. Nf3 d5 3. c4 e6 4. e3 c5 5. cxd5 Nxd5 6. Be2 Nc6 7. O-O cxd4 8. Nxd4 Nxd4 9. Qxd4 Qb6 10. Qxb6 Nxb6 11. Nc3 Be7 12. b3 O-O 13. Bb2 Bf6 14. Bf3 Rb8 15. a4 Bd7 16. a5 Nd5 17. Rac1 Nb4 18. Ba3 Be7 19. Rfd1 Bc6 20. Ne4 Rfd8 21. h3 Kf8 22. Rxd8+ Rxd8 23. Rc4 Nd3 24. Bxe7+ Kxe7 25. a6 Ne5 26. Rc5 Nxf3+ 27. gxf3 Bxe4 28. fxe4 bxa6 29. Rc7+ Rd7 30. Rc6 Rd6 31. Rc7+ Rd7 32. Rc6 Rb7 33. Rxa6 Kd7 34. Kf1 Kc7 35. Ke2 Kb8 36. Ra3 Rb4 37. Kd3 Kb7 38. Kc3 Rxe4 39. Ra5 Rh4 40. Rg5 g6 41. Rg3 a5 42. Rf3 f5 43. Rg3 Kb6 44. Kc2 Kb5 45. Kc3 e5 46. Rf3 Kc5 47. Rg3 Kd5 48. Kd3 Rb4 49. Kc3 Ke4 50. h4 Kd5 51. Rh3 h5 52. Rg3 Rg4 53. Rh3 Rg2 54. Rf3 Rh2 55. Rg3 Rxf2 56. Rxg6 Rf3 57. Kd2 Rh3 58. Rg5 Ke4 59. Rxh5 Rh2+ 60. Kc3 Re2 61. Kc4 Rxe3 62. Rh8 Rh3 63. h5 f4 64. h6 f3 65. h7 Ke3 66. Re8 Rxh7 67. Rxe5+ Kd2 68. Rf5 Ke3 69. Kb5 f2 70. Kxa5 Rh5 71. Rxh5 f1=Q 72. Rb5 Qa1+ 73. Kb4 Kd4 74. Rb6 Qc3+ 75. Kb5 Qxb3+ 76. Kc6 Qc4+ 77. Kb7 Kd5 78. Ka7 Qc5 79. Kb7 Qa5 80. Rf6 Qb4+ 0-1


[Site "https://www.chess.com"]

[Event "Titled Tuesday Blitz June 13 Late 2023"]
[White "Matsuura, Frederico"]
[Black "Gasparyan, David"]
[WhiteFideId "2107848"]
[BlackFideId "13311980"]
[WhiteElo "2302"]
[BlackElo "2422"]
[Result "1-0"]
[Round "11"]
[TimeControl "180+2"]
[Date "2023.06.13"]
[WhiteClock "0:00:18"]
[BlackClock "0:00:04"]
[Board "89"]

1. d4 Nf6 2. Nf3 g6 3. Bg5 Ne4 4. Bh4 Bg7 5. c3 d5 6. Nbd2 c5 7. Nxe4 dxe4 8. Nd2 cxd4 9. Nxe4 Qa5 10. Qb3 Nc6 11. Rc1 O-O 12. Nd2 Be6 13. c4 Rab8 14. Qa3 Qxa3 15. bxa3 Rfd8 16. Nb3 Ne5 17. Bxe7 Rd7 18. Bg5 Nxc4 19. Nc5 Rc7 20. Nxe6 fxe6 21. e3 Rbc8 22. Bxc4 Rxc4 23. Rxc4 Rxc4 24. Kd2 h6 25. Be7 dxe3+ 26. fxe3 Bb2 27. Rb1 Rc7 28. Rxb2 Rxe7 29. Kd3 Kf7 30. Ke4 Kf6 31. Rf2+ Kg7 32. Ke5 Rf7 33. Rxf7+ Kxf7 34. Kd6 Kf6 35. e4 e5 36. g4 h5 37. gxh5 gxh5 38. h4 a6 39. a4 b6 40. a3 a5 41. Kd5 Kf7 42. Kxe5 Ke7 43. Kf5 Kd6 44. e5+ Ke7 45. e6 Ke8 46. Kf6 b5 47. axb5 Kf8 48. b6 Ke8 49. b7 Kd8 50. b8=Q# 1-0


[Site "https://www.chess.com"]

[Event "Titled Tuesday Blitz June 13 Late 2023"]
[White "Martinez, Ayelen"]
[Black "Kubatko, Ivan"]
[WhiteFideId "118702"]
[BlackFideId "24111473"]
[WhiteElo "2074"]
[BlackElo "2285"]
[Result "0-1"]
[Round "11"]
[TimeControl "180+2"]
[Date "2023.06.13"]
[WhiteClock "0:00:00"]
[BlackClock "0:00:38"]
[Board "90"]

1. e4 d5 2. exd5 Qxd5 3. Nc3 Qa5 4. Bc4 Nf6 5. Nf3 Bg4 6. h3 Bh5 7. d4 Nc6 8. Bd2 O-O-O 9. Nd5 Qa4 10. b3 Qa3 11. Nxf6 gxf6 12. g4 Bg6 13. d5 Nb4 14. Nd4 Nxd5 15. Nb5 Qc5 16. Qf3 a6 17. Nc3 Nb4 18. O-O Rxd2 19. Na4 Qd6 20. Rae1 Nxc2 21. Rc1 Bh6 22. Bxa6 Qxa6 23. Nc5 Qc6 24. Qc3 Rhd8 25. Qa5 Kb8 26. b4 Qb6 27. Qa4 Qxb4 0-1


[Site "https://www.chess.com"]

[Event "Titled Tuesday Blitz June 13 Late 2023"]
[White "Buchenau, Frank"]
[Black "Petersson, Kjell"]
[WhiteFideId "4604350"]
[BlackFideId "1705148"]
[WhiteElo "2157"]
[BlackElo "2005"]
[Result "1-0"]
[Round "11"]
[TimeControl "180+2"]
[Date "2023.06.13"]
[WhiteClock "0:01:10"]
[BlackClock "0:00:48"]
[Board "91"]

1. e4 c5 2. Nf3 d6 3. Bb5+ Nc6 4. O-O Bd7 5. Re1 a6 6. Bc4 g6 7. c3 Bg7 8. d4 Bg4 9. Bxf7+ Kf8 10. Bb3 cxd4 11. cxd4 Nxd4 12. Nxd4 Bxd1 13. Ne6+ Ke8 14. Nxg7+ Kd7 15. Rxd1 Qa5 16. Nc3 Nf6 17. Bf4 Nh5 18. Nxh5 Qxh5 19. e5 Rhf8 20. Nd5 Rae8 21. Rac1 Rxf4 22. Nb6+ Kd8 23. Rc8# 1-0


[Site "https://www.chess.com"]